 Dungeon Crawl Stone Soup version 0.29-a0-39-g581ba40fa7 (webtiles) character file.

Game seed: 7458454745727329633

74 Bosse the Skirmisher (level 4, -2/35 HPs)
             Began as a Demonspawn Abyssal Knight on Feb 1, 2022.
             Was a Believer of Lugonu.
             Slain by an ogre (11 damage)
             ... on level 3 of the Dungeon.
             The game lasted 00:11:08 (1936 turns).

Bosse the Skirmisher (Demonspawn Abyssal Knight)    Turns: 1936, Time: 00:11:08

Health: -2/35      AC: 14    Str: 15    XL:     4   Next: 9%
Magic:  6/6        EV:  4    Int: 12    God:    Lugonu [**....]
Gold:   78         SH:  0    Dex: 13    Spells: 3/3 levels left

rFire   . . .      SeeInvis .   a - +1 hand axe
rCold   . . .      Faith    .   (no shield)
rNeg    . . .      Spirit   .   c - +0 plate armour
rPois   .          Reflect  .   (no helmet)
rElec   .          Harm     .   d - +0 cloak
rCorr   .          Rampage  .   (no gloves)
Will    .....                   (no boots)
Stlth   ..........              (no amulet)
HPRegen 0.11/turn               (no ring)
MPRegen 0.10/turn               (no ring)

@: lethally poisoned (-2 -> -5)
A: yellow scales 1
a: Renounce Religion, Depart the Abyss, Bend Space


You were on level 3 of the Dungeon.
You worshipped Lugonu.
Lugonu was pleased with you.
You visited 1 branch of the dungeon, and saw 3 of its levels.
You visited the Abyss 1 time.

You collected 78 gold pieces.

Inventory:

Hand Weapons
 a - a +1 hand axe (weapon)
Armour
 b - a +0 leather armour
 c - a +0 plate armour (worn)
 d - a +0 cloak (worn)
Wands
 l - a wand of paralysis (6)
Scrolls
 e - a scroll of identify {unknown}
 f - a scroll of enchant armour {unknown}
 h - a scroll of fear {unknown}
 k - a scroll of teleportation {unknown}
Potions
 g - a potion of flight {unknown}
 i - 2 potions of degeneration {unknown}
 j - a potion of curing {unknown}
 m - a potion of magic {unknown}


   Skills:
 + Level 3.3 Fighting
 * Level 3.1 Axes
 + Level 2.4 Armour
 + Level 0.9 Dodging
 + Level 3.0 Invocations


You had 3 spell levels left.
You didn't know any spells.
Your spell library was empty.

Dungeon Overview and Level Annotations

Branches:
Dungeon (3/15)

Altars:
Vehumet

Shops:
D:1 [![?

Annotations:
D:2 1 runed translucent door, Crazy Yiuf


Innate Abilities, Weirdness & Mutations

You are partially covered in yellow scales. (AC +2)


Message History

The adder poisons you! The adder bites you but does no damage.
You miss the adder.
The adder is moderately wounded.
You feel sick. The adder bites you but does no damage.
You hit the adder.
The adder is heavily wounded.
You feel sick.
The adder bites you but does no damage. x2
You closely miss the adder.
The adder is heavily wounded.
You feel sick.
You are no longer poisoned.
The adder bites you.
You hit the adder.
The adder is almost dead.
The adder bites you. The adder bites you but does no damage.
You completely miss the adder.
The adder is almost dead.
The adder bites you but does no damage.
Aiming: Paralyse
Press: ? - help, Q - select action, (/) - cycle Shift-Dir - straight line, f/p - ogre
Aim: an ogre, wielding a +0 giant club (chance to affect: 49%)
The ogre resists with some effort.
The adder bites you but does no damage. The ogre hits you with a +0 giant club.
You miss the adder.
The adder is almost dead.
You hit the ogre. The adder bites you.
You are poisoned.
The adder poisons you! The adder bites you but does no damage.
Aiming: Paralyse
Press: ? - help, Q - select action, (/) - cycle Shift-Dir - straight line, f/p - ogre
Aim: an ogre, wielding a +0 giant club (lightly wounded, chance to affect: 49%)
The ogre resists with some effort.
You feel sick. The ogre hits you with a +0 giant club.
* * * LOW HITPOINT WARNING * * *
The adder bites you but does no damage.
You closely miss the adder.
The adder is almost dead.
You hit the ogre.
You feel sick. The adder bites you but does no damage.
The ogre hits you with a +0 giant club!
You die...

#######....>.....................
#.................#.######.######
........###.............. ...
#.###...# #####.#.#.#.### .###
#.# #...# #.#.#.#.# .. #.# #...#
##.#...# . .. #.# #...#
#..#.#.#.#.# ... #.###...#
#..O........ ... ........#
#..@S###.##.
..###(.................#
......#.######...####..#
..##..#.### #.... # ###.......
..... # #.##..# ###...# # #.....
..... # #.##.# #..##
####.##.#####


You could see an ogre and an adder.

Vanquished Creatures
  2 adders (D:2)
  A gnoll (D:1)
  A dart slug (D:2)
  2 orcs (D:3)
  4 bats (D:1)
  5 endoplasms
  2 giant cockroaches
  4 hobgoblins
  2 kobolds (D:1)
  3 quokkas
  3 ball pythons
  5 frilled lizards
  2 goblins
  7 rats
43 creatures vanquished.

Notes
Turn   | Place    | Note
-------+----------+-------------------------------------------
     0 | Abyss:1  | Bosse the Demonspawn Abyssal Knight began the quest for the
                  | Orb.
     0 | Abyss:1  | Reached XP level 1. HP: 18/18 MP: 2/2
     0 | D:1      | Escaped the Abyss
    11 | D:1      | Found Ixatsouf's Distillery.
    27 | D:1      | Reached * piety under Lugonu
    46 | D:1      | Found Zexatay's Armour Boutique.
    76 | D:1      | Found Epliviy's Antique Armour Emporium.
   201 | D:1      | Gained mutation: You are partially covered in yellow
                  | scales. (AC +2) [demonic ancestry]
   201 | D:1      | Reached XP level 2. HP: 13/24 MP: 4/4
   682 | D:1      | Found Vocso's Magic Scroll Boutique.
   708 | D:1      | Reached XP level 3. HP: 29/29 MP: 5/5
  1376 | D:2      | Found a radiant altar of Vehumet.
  1539 | D:2      | Found a runed translucent door.
  1540 | D:2      | Noticed Crazy Yiuf
  1765 | D:3      | Reached XP level 4. HP: 35/35 MP: 6/6
  1824 | D:3      | Reached ** piety under Lugonu
  1873 | D:3      | Noticed an ogre
  1936 | D:3      | Slain by an ogre

Illustrated notes

Levels and vault maps discovered:
D:1:      psy_arrival_spokes, layout_rooms, serial_shops, nicolae_shop_trees,
          nicolae_shop_statue_plus, shop, nicolae_shop_crystal, fountainhead,
          grunt_decor_mini_mirrors
D:2:      layout_basic, basic_altar, uniq_crazy_yiuf_cottage
D:3:      layout_basic, mainiacjoe_overflow_alcove_2

Skill      XL: |  1  2  3 |
---------------+----------+-----
Axes           | 2 3 |  3.1
Invocations    | 3 |  3.0
Armour         | 2 |  2.4
Fighting       | |  3.3
Dodging        | |  0.9

Action                   |  1- 3 |  4- 6 || total
-------------------------+-------+-------++-------
Melee: Hand axe          |   142 |    26 ||   168
       Punch             |     3 |       ||     3
Invok: Depart the Abyss  |     1 |       ||     1
Evoke: Wand              |       |     3 ||     3
Armor: Leather armour    |    17 |       ||    17
       Plate armour      |    78 |    21 ||    99
Dodge: Dodged            |    52 |     4 ||    56

Table legend: (Time is in decaauts)
 A = Elapsed time spent in this place.
 B = Non-inter-level travel time spent in this place.
 C = Inter-level travel time spent in this place.
 D = Time resting spent in this place.
 E = Time spent auto-exploring this place.
 F = Levels seen in this place.
 G = Mean time per level.
                   A        B        C        D        E       F      G
               +--------+--------+--------+--------+--------+-----+--------+
         Total |   1965 |   1965 |      0 |    464 |    296 |   4 |  491.2 |
       Dungeon |   1965 |   1965 |      0 |    464 |    296 |   3 |  655.0 |
         Abyss |      0 |      0 |      0 |      0 |      0 |   1 |    0.0 |
               +--------+--------+--------+--------+--------+-----+--------+

Top non-repeatable levels by time:
     D:1: 1116 daAuts
     D:2: 629 daAuts
     D:3: 218 daAuts
